 Dungeon Crawl Stone Soup version 0.30-a0-605-gb2882149bf (webtiles) character file.

Game seed: 11172721425928428453

329 holysushi the Trooper (level 6, -2/66 (67) HPs)
             Began as an Ogre Berserker on Jan 7, 2023.
             Was a Believer of Trog.
             Slain by an orc wizard
             ... wielding a +0 dagger
              (3 damage)
             ... on level 4 of the Dungeon.
             The game lasted 00:03:52 (3938 turns).

holysushi the Trooper (Ogre Berserker)              Turns: 3938, Time: 00:03:52

HP:   -2/66 (67)    AC:  3    Str: 24    XL:     6   Next: 51%
MP:   6/6           EV: 15    Int:  8    God:    Trog [**....]
Gold: 233           SH:  0    Dex:  8    Spells: 5/5 levels left

rFire   . . .      SeeInvis .    a - +0 mace
rCold   . . .      Faith    .    (no shield)
rNeg    + . .      Spirit   .    b - +0 animal skin
rPois   .          Reflect  .    (helmet restricted)
rElec   .          Harm     .    (no cloak)
rCorr   .          Rampage  .    (gloves unavailable)
Will    .....                    (boots unavailable)
Stlth   +                        (no amulet)
HPRegen 0.31/turn                q - ring of positive energy
MPRegen 0.10/turn                s - +5 ring of evasion

@: on berserk cooldown, slowed, lightly drained, very slow
A: large, unfitting armour, tough skin 1
a: Renounce Religion, Berserk, Trog's Hand


You were on level 4 of the Dungeon.
You worshipped Trog.
Trog was pleased with you.
You visited 1 branch of the dungeon, and saw 5 of its levels.

You collected 233 gold pieces.

Inventory:

Hand Weapons
 a - a +0 mace (weapon)
 u - a +1 hand axe of flaming
Missiles
 n - a throwing net (quivered)
Armour
 b - a +0 animal skin (worn)
 i - a +0 hat
Jewellery
 q - a ring of positive energy (left hand)
 s - a +5 ring of evasion (right hand)
Wands
 o - a wand of iceblast (11)
Scrolls
 d - a scroll of fear
 l - a scroll of noise {unknown}
 r - 2 scrolls of amnesia {unknown}
 t - a scroll of teleportation
Potions
 c - 2 potions of attraction
 e - 3 potions of might
 f - a potion of curing
 g - 2 potions of lignification {unknown}
 j - 3 potions of haste {unknown}
 k - a potion of brilliance {unknown}
 m - a potion of heal wounds {unknown}
 p - 2 potions of ambrosia {unknown}


   Skills:
 + Level 6.2 Fighting
 * Level 5.5 Maces & Flails
 - Level 2.6 Dodging


You had 5 spell levels left.
You didn't know any spells.
Your spell library was empty.

Dungeon Overview and Level Annotations

Branches:
Dungeon (5/15) Zot: 25958
 Temple: D:4-7

Altars:
Ru
Zin

Shops:
D:1 (


Innate Abilities, Weirdness & Mutations

You are too large for most types of armour.
You have tough skin. (AC +1)


Message History

Trog accepts your kill. Something hits you.
The orc priest invokes the aid of Beogh against you.
Beogh smites you!
* * * LOW HITPOINT WARNING * * *
The orc priest misses you.
You hear a shout!
There is a stone staircase leading up here.
You feel a strong urge to attack something.
The orc priest hits you with a +0 hand axe.
* * * LOW HITPOINT WARNING * * *
You hear some strange, mumbled words.
A puff of flame appears from out of thin air!
The puff of flame hits something!
Something barely misses you. The orc priest hits you with a +0 mace.
* * * LOW HITPOINT WARNING * * *
You climb upwards.
Reactivating autopickup.
There is a stone staircase leading down here.
You closely miss the orc priest.
You are no longer berserk.
You are exhausted.
You feel yourself slow down.
You hit the orc priest.
The orc priest is heavily wounded.
The orc priest invokes the aid of Beogh against you.
Beogh smites you!
* * * LOW HITPOINT WARNING * * *
Something hits you.
* * * LOW HITPOINT WARNING * * *
Deactivating autopickup; reactivate with Ctrl-A.
The orc priest misses you. x2; Something closely misses you.
The orc priest misses you.
You sock the orc priest!
You kill the orc priest!
Trog accepts your kill.
The orc priest hits you with a +0 hand axe.
* * * LOW HITPOINT WARNING * * *
Something hits you.
You die...

.......##.## ##....##.##.....##
....#.....### #...#....##<...###
....#.......####..###..:.......##
...#..#.#....###...#............#
#....#####......................#
##..#### ##..#....####..........#
....##.####..##....#.............
.........##..###.................
..........#..###@[...#...........
.....#.......##.)o..##.[.........
....#.#.........##...##..........
...##.....##...####..............
..........##...#####....#.##...##
....#.....##....#..##...####.....
....#.................#.#####.###
....#.................#.##.....##
..#............................#.


You could see an orc priest.

Vanquished Creatures
  A necrophage (D:5)
  An orc priest (D:4)
  A hound (D:4)
  Jessica (D:3)
  6 adders
  8 gnolls
  3 dart slugs
  6 orcs
  5 bats
  7 endoplasms
  4 giant cockroaches
  4 goblins
  6 hobgoblins
  7 jackals
  4 quokkas
  4 ball pythons
  3 frilled lizards
  4 kobolds
  2 rats (D:3)
77 creatures vanquished.

Vanquished Creatures (others)
  5 plants (D:3)
5 creatures vanquished.

Grand Total: 82 creatures vanquished

Notes
Turn   | Place    | Note
-------+----------+-------------------------------------------
     0 | D:1      | holysushi the Ogre Berserker began the quest for the Orb.
     0 | D:1      | Reached XP level 1. HP: 24/24 MP: 1/1
   106 | D:1      | Reached XP level 2. HP: 32/32 MP: 2/2
   257 | D:1      | Found Keaduemi's Weapon Shoppe.
   994 | D:2      | Reached XP level 3. HP: 35/40 MP: 3/3
  1153 | D:2      | Reached XP level 4. HP: 44/49 MP: 4/4
  1227 | D:2      | Found a glowing silver altar of Zin.
  1324 | D:2      | Reached skill level 5 in Fighting
  1779 | D:2      | Found a faded altar of an unknown god.
  2243 | D:3      | Reached ** piety under Trog
  2407 | D:3      | Reached XP level 5. HP: 50/57 MP: 5/5
  2593 | D:3      | Noticed Jessica
  2602 | D:3      | Killed Jessica
  3067 | D:4      | Reached skill level 5 in Maces & Flails
  3298 | D:4      | Reached XP level 6. HP: 51/67 MP: 6/6
  3516 | D:4      | Reached skill level 6 in Fighting
  3783 | D:4      | Found a sacrificial altar of Ru.
  3912 | D:5      | Entered Level 5 of the Dungeon
  3937 | D:4      | HP: 3/66 [something (3)]
  3938 | D:4      | HP: 1/66 [orc priest/+0 hand axe (2)]
  3938 | D:4      | Slain by an orc wizard

Illustrated notes

Levels and vault maps discovered:
D:1:      dpeg_arrival_radiant, layout_basic, serial_shops,
          nicolae_shop_bloodbath_and_beyond
D:2:      layout_basic, shapermc_ecumenical_altar_notcrosses, basic_altar
D:3:      layout_rooms, serial_bayou, serial_bayou_crossing,
          serial_bayou_shore_a, serial_bayou_shore_b, serial_bayou_pond_a,
          serial_bayou_lake_a, serial_bayou_pond_e, chequers_decorated_corner,
          kennysheep_decorative_pillar, minmay_fractal_squares_gapless_5,
          uniq_jessica
D:4:      layout_cave_pools, mainiacjoe_overflow_paths
D:5:      layout_rooms, kennysheep_small_circle

Skill      XL: |  1  2  3  4  5  6 |
---------------+-------------------+-----
Maces & Flails | 3 4 5 |  5.5
Fighting       | 5 6 |  6.2
Dodging        | |  2.6

Action                   |  1- 3 |  4- 6 || total
-------------------------+-------+-------++-------
Melee: Mace              |    52 |   207 ||   259
Invok: Berserk           |     2 |     5 ||     7
Evoke: Wand              |       |     1 ||     1
  Use: Scroll            |       |     8 ||     8
       Potion            |       |     1 ||     1
Armor: Animal skin       |    13 |    56 ||    69
Dodge: Dodged            |    29 |   158 ||   187

Table legend: (Time is in decaauts)
 A = Elapsed time spent in this place.
 B = Non-inter-level travel time spent in this place.
 C = Inter-level travel time spent in this place.
 D = Time resting spent in this place.
 E = Time spent auto-exploring this place.
 F = Levels seen in this place.
 G = Mean time per level.
                   A        B        C        D        E       F      G
               +--------+--------+--------+--------+--------+-----+--------+
         Total |   4039 |   3924 |    115 |    649 |   2543 |   5 |  807.8 |
       Dungeon |   4039 |   3924 |    115 |    649 |   2543 |   5 |  807.8 |
               +--------+--------+--------+--------+--------+-----+--------+

Top non-repeatable levels by time:
     D:1: 1100 daAuts
     D:2: 1018 daAuts
     D:4: 960 daAuts
     D:3: 939 daAuts
     D:5: 20 daAuts
